 Dungeon Crawl Stone Soup version 0.24.1 (webtiles) character file.

Game seed: 921856246981495068, levelgen mode: deterministic

207 Destapler the Covered (level 5, -18/43 HPs)
             Began as a Gnoll Wanderer on Mar 31, 2020.
             Was an Initiate of the Shining One.
             Demolished by Crazy Yiuf
             ... wielding a +2 quarterstaff of chaos
              (19 damage)
             ... on level 3 of the Dungeon.
             The game lasted 00:08:27 (2940 turns).

Destapler the Covered (Gnoll Wanderer)              Turns: 2940, Time: 00:08:28

Health: -18/43     AC:  6    Str: 14    XL:     5   Next: 85%
Magic:  12/12      EV: 12    Int: 13    God:    the Shining One [......]
Gold:   120        SH:  0    Dex: 17    Spells: 13/14 levels left

rFire    . . .     SeeInvis .   a - +2 spear
rCold    . . .     Gourm    .   (no shield)
rNeg     . . .     Faith    .   l - +0 leather armour
rPois    .         Spirit   .   q - +1 helmet
rElec    .         Reflect  .   k - scarf {repulsion}
rCorr    .         Harm     .   (no gloves)
MR       .....                  (no boots)
Stlth    +.........             (no amulet)
HPRegen  0.14/turn              (no ring)
MPRegen  0.13/turn              (no ring)

@: lethally poisoned (-18 -> -21), glowing, lightly drained, repel missiles
A: distributed training, fangs 1, strong nose
a: Renounce Religion


You were on level 3 of the Dungeon.
You worshipped the Shining One.
The Shining One was noncommittal.
You were not hungry.

You visited 1 branch of the dungeon, and saw 3 of its levels.

You collected 120 gold pieces.

Inventory:

Hand Weapons
 a - a +2 spear (weapon)
 j - a +1 hunting sling of flaming
 r - a +1 hand axe of flaming
Armour
 d - a +0 robe
 k - a scarf of repulsion (worn)
 l - a +0 leather armour (worn)
 q - a +1 helmet (worn)
Wands
 c - a wand of random effects (15)
Scrolls
 b - 2 scrolls of identify
 e - 2 scrolls of enchant armour
 g - a scroll of remove curse {unknown}
 i - 2 scrolls of noise {unknown}
 m - 2 scrolls of teleportation {unknown}
 p - a scroll of magic mapping
Potions
 h - a potion of resistance
 o - a potion of curing
Comestibles
 f - 11 rations
 n - 2 chunks of flesh


   Skills:
 + Level 4.8(4.5) Fighting
 + Level 1.6(1.3) Short Blades
 + Level 1.6(1.3) Long Blades
 + Level 1.6(1.3) Axes
 + Level 1.6(1.3) Maces & Flails
 + Level 1.6(1.3) Polearms
 + Level 1.6(1.3) Staves
 + Level 1.6(1.3) Slings
 + Level 1.6(1.3) Bows
 + Level 1.6(1.3) Crossbows
 + Level 1.6(1.3) Throwing
 + Level 6.7(6.4) Armour
 + Level 1.6(1.3) Dodging
 + Level 1.6(1.3) Stealth
 + Level 1.6(1.3) Shields
 + Level 1.6(1.3) Unarmed Combat
 + Level 5.2(4.9) Spellcasting
 + Level 1.3(1.0) Conjurations
 + Level 1.3(1.0) Hexes
 + Level 1.3(1.0) Charms
 + Level 1.3(1.0) Summonings
 + Level 1.3(1.0) Necromancy
 + Level 1.3(1.0) Translocations
 + Level 1.3(1.0) Transmutations
 + Level 1.3(1.0) Fire Magic
 + Level 1.3(1.0) Ice Magic
 + Level 1.3(1.0) Air Magic
 + Level 2.4(2.2) Earth Magic
 + Level 1.3(1.0) Poison Magic
 + Level 1.8(1.5) Invocations
 + Level 4.8(4.5) Evocations


You had 13 spell levels left.
You knew the following spells:

 Your Spells              Type           Power        Failure   Level  Hunger
a - Pain                  Necr           #...         16%         1    None

Your spell library contained the following spells:

 Spells                   Type           Power        Failure   Level  Hunger
 Vampiric Draining        Necr           #.........   41%         3    ###....


Dungeon Overview and Level Annotations

Branches:
Dungeon (3/15)

Altars:
Dithmenos
Elyvilon
Gozag
Makhleb
Ru
Trog
Wu Jian
The Shining One

Annotations:
D:3 Crazy Yiuf


Innate Abilities, Weirdness & Mutations

Your experience applies equally to all skills.
You have very sharp teeth.
Your uncanny sense of smell can sniff out nearby items.


Message History

Crazy Yiuf is heavily wounded.
Crazy Yiuf grits, "Trifle alas toodlewoodle!"
Crazy Yiuf closely misses you.
You barely miss Crazy Yiuf.
Crazy Yiuf is heavily wounded.
You feel sick.
Crazy Yiuf hits you with a +2 quarterstaff of chaos!
* * * LOW HITPOINT WARNING * * *
Crazy Yiuf burns you.
* * * LOW HITPOINT WARNING * * *
You barely miss Crazy Yiuf.
Crazy Yiuf is heavily wounded.
Crazy Yiuf misses you.
You barely miss Crazy Yiuf. Your bite misses Crazy Yiuf.
Crazy Yiuf is heavily wounded.
You feel sick.
Crazy Yiuf hits you with a +2 quarterstaff of chaos!
* * * LOW HITPOINT WARNING * * *
You are electrocuted!!
You die...

#.#.# #.#.# #.#.# #.#.#
#.#.# #### #.#.# #..#
♣♣♣♣♣##.#.# #..# ###
♣♣♣.♣...'.#.# #..#
#...#♣@.♣.♣......# ##.>#
#...'g♣♣♣♣......##
#####...# #)..#♣♣ ♣♣..+..#
........# ### ♣♣###.#
........# #..# ........#
#.##
........################.#
#####......#........#....#
######.###....#####...#.##


You could see Crazy Yiuf.

Vanquished Creatures
  A hound (D:2)
  8 adders
  An ooze (D:3)
  3 worms
  3 dart slugs
  2 leopard geckos (D:1)
  6 orcs
  4 bats
  2 giant cockroaches
  10 hobgoblins
  10 jackals
  7 kobolds
  4 frilled lizards
  8 goblins
  9 rats
78 creatures vanquished.

Notes
Turn   | Place    | Note
-------+----------+-------------------------------------------
     0 | D:1      | Destapler the Gnoll Wanderer began the quest for the Orb.
     0 | D:1      | Destapler set off with the following items: a +2 spear, a
                  | wand of random effects (15), a +0 robe, a ration; and the
                  | following spell memorised: Pain; and the following spells
                  | available to memorise: Vampiric Draining
     0 | D:1      | Reached XP level 1. HP: 20/20 MP: 6/6
   100 | D:1      | Reached XP level 2. HP: 20/26 MP: 7/7
   625 | D:2      | Found an ornate altar of the Wu Jian Council.
   648 | D:2      | Reached XP level 3. HP: 26/31 MP: 9/9
   658 | D:2      | Reached skill level 5 in Spellcasting
   924 | D:1      | Reached skill level 1 in Invocations
  1540 | D:2      | Reached skill level 1 in Short Blades
  1540 | D:2      | Reached skill level 1 in Long Blades
  1540 | D:2      | Reached skill level 1 in Axes
  1540 | D:2      | Reached skill level 1 in Maces & Flails
  1540 | D:2      | Reached skill level 1 in Polearms
  1540 | D:2      | Reached skill level 1 in Staves
  1540 | D:2      | Reached skill level 1 in Slings
  1540 | D:2      | Reached skill level 1 in Bows
  1540 | D:2      | Reached skill level 1 in Crossbows
  1540 | D:2      | Reached skill level 1 in Throwing
  1540 | D:2      | Reached skill level 1 in Dodging
  1540 | D:2      | Reached skill level 1 in Stealth
  1540 | D:2      | Reached skill level 1 in Shields
  1540 | D:2      | Reached skill level 1 in Unarmed Combat
  1547 | D:2      | Reached XP level 4. HP: 35/38 MP: 11/11
  1571 | D:2      | Found a burning altar of Makhleb.
  1583 | D:2      | Reached skill level 1 in Conjurations
  1583 | D:2      | Reached skill level 1 in Hexes
  1583 | D:2      | Reached skill level 1 in Charms
  1583 | D:2      | Reached skill level 1 in Summonings
  1583 | D:2      | Reached skill level 1 in Necromancy
  1583 | D:2      | Reached skill level 1 in Translocations
  1583 | D:2      | Reached skill level 1 in Transmutations
  1583 | D:2      | Reached skill level 1 in Fire Magic
  1583 | D:2      | Reached skill level 1 in Ice Magic
  1583 | D:2      | Reached skill level 1 in Air Magic
  1583 | D:2      | Reached skill level 1 in Poison Magic
  1774 | D:2      | Found a shadowy altar of Dithmenos.
  1777 | D:2      | Found a sacrificial altar of Ru.
  1777 | D:2      | Found a glowing golden altar of the Shining One.
  1796 | D:2      | Found an opulent altar of Gozag.
  1797 | D:2      | Found a bloodstained altar of Trog.
  1813 | D:2      | Became a worshipper of the Shining One
  1955 | D:3      | Reached XP level 5. HP: 27/43 MP: 12/12
  2672 | D:3      | Found a white marble altar of Elyvilon.
  2843 | D:3      | Found a runed translucent door.
  2844 | D:3      | Noticed Crazy Yiuf
  2940 | D:3      | HP: 1/43 [Crazy Yiuf/+2 quarterstaff of chaos (7)]
  2940 | D:3      | Demolished by Crazy Yiuf

Levels and vault maps discovered:
D:1:      nzn_arrival_crosshair, layout_rooms
D:2:      layout_rooms, makhleb_heckhound_becter, minitemple, first_ration
D:3:      layout_rooms, elyvilon_altar_3, ebering_dispersal_statue_hall,
          kennysheep_generic_room_6, uniq_crazy_yiuf_cottage

Skill      XL: |  1  2  3  4 |
---------------+-------------+-----
Earth Magic    | 2 |  2.4
Spellcasting   | 5 |  5.2
Invocations    | 1 |  1.8
Short Blades   | 1 |  1.6
Long Blades    | 1 |  1.6
Axes           | 1 |  1.6
Maces & Flails | 1 |  1.6
Polearms       | 1 |  1.6
Staves         | 1 |  1.6
Slings         | 1 |  1.6
Bows           | 1 |  1.6
Crossbows      | 1 |  1.6
Throwing       | 1 |  1.6
Dodging        | 1 |  1.6
Stealth        | 1 |  1.6
Shields        | 1 |  1.6
Unarmed Combat | 1 |  1.6
Conjurations   | 1 |  1.3
Hexes          | 1 |  1.3
Charms         | 1 |  1.3
Summonings     | 1 |  1.3
Necromancy     | 1 |  1.3
Translocations | 1 |  1.3
Transmutations | 1 |  1.3
Fire Magic     | 1 |  1.3
Ice Magic      | 1 |  1.3
Air Magic      | 1 |  1.3
Poison Magic   | 1 |  1.3
Fighting       | |  4.8
Armour         | |  6.7
Evocations     | |  4.8

Action                   |  1- 3 |  4- 6 || total
-------------------------+-------+-------++-------
Melee: Spear             |   107 |   152 ||   259
       Bite              |     5 |    14 ||    19
       Punch             |       |     1 ||     1
 Cast: Pain              |       |     5 ||     5
  Use: Potion            |       |     3 ||     3
       Scroll            |       |     2 ||     2
 Stab: Sleeping          |     4 |       ||     4
  Eat: Chunk             |     2 |     5 ||     7
Armor: Robe              |     6 |       ||     6
       Leather armour    |     3 |    39 ||    42
Dodge: Dodged            |    62 |    84 ||   146
       Deflected         |     5 |     1 ||     6
